[Event "German-ch Blitz Women 2022"]
[Site "Magdeburg"]
[Date "2022.08.13"]
[Round "7.1"]
[White "Stangl, Anita"]
[Black "Paehtz, Elisabeth"]
[Result "0-1"]
[ECO "B90"]
[WhiteElo "2023"]
[BlackElo "2484"]
[Annotator "TA"]
[PlyCount "72"]
[EventDate "2022.08.10"]
[EventType "tourn"]
[EventCountry "GER"]
[SourceTitle "playchess.com"]
[Source "ChessBase"]
[SourceQuality "1"]
[TimeControl "180+2"]

1. e4 c5 2. Nf3 d6 3. d4 cxd4 4. Nxd4 Nf6 5. Nc3 a6 6. Bc4 e6 7. a3 Be7 8. O-O O-O 9. Nde2 {[%emt 0:00:00] B86: Sicilian Scheveningen/Najdorf: 6 Bc4, without early ...b5.} Nbd7 10. Ng3 b5 11. Ba2 {[%emt 0:00:00] Black is slightly better.} Bb7 12. f4 Rc8 (12... a5 $17 13. Be3 b4) 13. f5 $11 e5 14. Qe2 {[%emt 0:00:05] [#]} Nc5 $146 ({Predecessor:} 14... Nb6 15. Bg5 Nc4 16. Bxc4 Rxc4 17. Rad1 Rd4 18. Bxf6 Bxf6 19. Nh5 Qe7 20. Rd3 Kh8 21. Rh3 {0-1 (32) Brozyna,M (2173)-Belous,M (2299) Krakow 2019}) 15. Bd2 Qb6 {[%emt 0:00:04] [#] aiming for ...Ncxe4+.} 16. Kh1 h6 17. Rad1 Ncd7 18. Nh5 Kh7 19. Be3 Qd8 20. Bf2 {[%emt 0:00:16] [#]} ({White should try} 20. Nxf6+ $14 Nxf6 21. Nd5) 20... Rxc3 $1 $15 21. bxc3 (21. Nxf6+ Nxf6) 21... Nxe4 ({Of course not} 21... Bxe4 22. Nxf6+ Nxf6 23. Bh4 $11) 22. Qg4 Bg5 23. h4 (23. Bh4 $1 $15) 23... Ndf6 {[%emt 0:00:06] Pair of Knights!} 24. Qe2 {[%emt 0:00:14][%mdl 8192] This costs White the game.} (24. Nxf6+ $17 {is the only way for White.} Bxf6 25. Be1) 24... Nxc3 $19 25. Nxf6+ Bxf6 {[%emt 0:00:02] Dancing on a razor blade.} ({Worse is} 25... gxf6 26. Qh5 Nxd1 27. Rxd1 $17) 26. Qd3 Nxd1 27. Rxd1 Qc7 28. Kh2 d5 29. Qg3 d4 30. Bb3 Qc6 {[%emt 0:00:08][%cal Of6h4] And now ...Bxh4! would win.} 31. Rg1 Qe4 32. a4 (32. Qd3 $142) 32... Qxf5 {[%emt 0:00:03] Hoping for ...e4.} 33. axb5 axb5 {[%emt 0:00:01] Threatens to win with ...e4.} 34. Ba2 Be4 (34... Qxc2 $2 35. Bb1 Be4 36. Bxc2 Bxc2 37. Rc1 $18) 35. Rf1 Qg6 36. Qb3 Qxg2# {[%emt 0:00:03] Weighted Error Value: White=1.12/Black=0.50} 0-1

[Event "German-ch Blitz Women 2022"]
[Site "Magdeburg"]
[Date "2022.08.13"]
[Round "7.2"]
[White "Falke, Ornella"]
[Black "Wulf, Constanze"]
[Result "1-0"]
[ECO "D36"]
[WhiteElo "1912"]
[BlackElo "1835"]
[Annotator "TA"]
[PlyCount "67"]
[EventDate "2022.08.10"]
[EventType "tourn"]
[EventCountry "GER"]
[SourceTitle "playchess.com"]
[Source "ChessBase"]
[SourceQuality "1"]
[TimeControl "180+2"]

1. d4 d5 2. c4 e6 3. Nc3 c6 4. cxd5 exd5 5. Qc2 Nf6 6. Bg5 Bg4 {[%emt 0:00:13] D36: Queen's Gambit Declined: Exchange Variation: Main line (5 Bg5 c6 6 Qc2).} 7. e3 Nbd7 8. Bd3 Bd6 {[%emt 0:00:45] White has an edge.} 9. h3 {[%emt 0:00:13] [#]} Bh5 $146 ({Predecessor:} 9... Be6 10. Nge2 Qc7 11. O-O-O O-O-O 12. Kb1 Kb8 13. f3 Rc8 14. e4 h6 15. Bh4 Be7 {1-0 (33) Peinado Rincon,G (2220)-Dabraccio,G Charala 2010}) 10. Nge2 Qc7 11. Nf4 (11. f3 $14) 11... Bg6 $11 12. Nxg6 hxg6 13. O-O-O O-O-O 14. f3 Rde8 (14... Nf8 $11) 15. Rhe1 (15. e4 $14) 15... Bg3 16. Re2 Nh7 17. Bf4 (17. h4 $11) 17... Bxf4 $17 18. exf4 Qxf4+ 19. Kb1 Nhf6 (19... Qxd4 20. Rxe8+ Rxe8 21. Bxg6 $1 $16 ) 20. Rc1 Qxd4 21. Nb5 Qb4 22. a3 Qf8 ({Weaker is} 22... Rxe2 23. Bxe2 Qa5 24. Nd6+ Kc7 25. Nxf7 $15) (22... Qf4 $1 $17 {stays on course. Strongly threatening ...Kb8.} 23. Nxa7+ Kd8) 23. Nxa7+ Kb8 $2 {[%emt 0:00:02] [#]} (23... Kd8 24. Rxe8+ Qxe8) 24. Qa4 $2 (24. Nxc6+ $1 bxc6 25. Qxc6) 24... Nb6 $2 {[%emt 0:00:09] [#]} (24... Ne5 25. Bb5 Nc4 26. Bxc4 dxc4 27. Nxc6+ bxc6 28. Rxc4 $1 (28. Rxe8+ Qxe8 29. Rxc4 Kb7 $11) 28... Rxe2 29. Qxc6 Rxb2+ 30. Kxb2 $18) (24... Rc8 25. Nxc8 Qxc8) 25. Qa5 $2 ({White has to play} 25. Nxc6+ $1 $18 Kc8 (25... Kc7 26. Qf4+) 26. Qa7 Rxe2 27. Na5+ Kd7 28. Qxb7+ Ke6 29. Rc6+ Qd6 30. Rxd6+ Kxd6 31. Qxb6+ Ke5 32. Bxe2) 25... Rxe2 $4 (25... Nfd7 $11) 26. Bxe2 $2 (26. Nxc6+ $18 Kc8 27. Qxb6) 26... Qd8 {[%emt 0:00:02] ...Re8 is the strong threat.} 27. Nxc6+ $1 bxc6 28. Rxc6 Nc4 (28... Nfd7 $11) 29. Qb5+ {[%emt 0:00:04] White mates.} Nb6 30. Rxb6+ Kc8 31. Rc6+ Kd7 32. Rxf6+ Ke7 33. Rb6 Qd7 34. Rb7 {[%emt 0:00:01] Weighted Error Value: White=0.75/Black=0.57} 1-0

[Event "German-ch Blitz Women 2022"]
[Site "Magdeburg"]
[Date "2022.08.13"]
[Round "7.3"]
[White "Kosovska, Olena"]
[Black "Doll, Rebecca"]
[Result "0-1"]
[ECO "C84"]
[WhiteElo "1831"]
[BlackElo "1933"]
[Annotator "TA"]
[PlyCount "96"]
[EventDate "2022.08.10"]
[EventType "tourn"]
[EventCountry "GER"]
[SourceTitle "playchess.com"]
[Source "ChessBase"]
[SourceQuality "1"]
[TimeControl "180+2"]

1. e4 e5 2. Nf3 Nc6 3. Bb5 a6 4. Ba4 Nf6 5. O-O Be7 6. d3 b5 7. Bb3 O-O 8. h3 {[%emt 0:00:02] C84: Closed Ruy Lopez: Unusual White 6th moves.} d6 9. a4 Bb7 10. Be3 {[%emt 0:00:03] [#] The position is equal.} Na5 $146 ({Predecessor:} 10... b4 11. Nbd2 Na5 12. Ba2 c5 13. Nc4 Qc7 14. Nxa5 Qxa5 15. Bg5 Qc7 16. Bxf6 Bxf6 {1-0 (65) Armstrong,M (1342)-Wolf,H (1220) Tornelo INT 2020}) 11. Ba2 c5 12. axb5 axb5 13. Nc3 b4 14. Ne2 Re8 15. Ng3 Bf8 16. Nf5 (16. Nd2 $14) 16... d5 $11 17. exd5 Bxd5 18. Bg5 b3 19. cxb3 (19. Bb1 $1 $11 {and White stays safe.}) 19... Nxb3 $2 20. Bxb3 (20. Ne3 $11 Be6 21. Bxb3 Rxa1 22. Qxa1 Bxb3 23. Ng4) 20... Rxa1 $15 21. Qxa1 Bxb3 22. Qa6 Qc8 $2 (22... Re6 $1 $17 23. Qb5 Bc2 24. Bxf6 Rxf6) 23. Qxc8 $14 Rxc8 {[%emt 0:00:01] [#]} 24. Nxe5 (24. Nh6+ $1 $14 gxh6 25. Bxf6) 24... Nd5 $11 {[%emt 0:00:17] Strongly threatening ...f6.} 25. Nc4 Bxc4 (25... f6 $11 {remains equal.} 26. Bd2 Bc2) 26. dxc4 $16 Nb4 27. Ne7+ (27. Ra1 $16) 27... Bxe7 $14 28. Bxe7 {[%emt 0:00:01][%mdl 4096] Endgame KRB-KRN} Rc7 (28... f6 $14) 29. Bd6 Rc6 30. Re1 f6 {[%emt 0:00:01] [#]} 31. Bg3 (31. Rd1 $1 $16) 31... Nd3 32. Re2 ({White should play} 32. Re8+ $14 Kf7 33. Rb8) 32... Rb6 $11 33. Rd2 Nxb2 34. Rd5 Nxc4 35. Rxc5 Rb1+ 36. Kh2 Nd2 {[%emt 0:00:01] aiming for ...Nf1+.} 37. Bf4 Nf1+ 38. Kg1 {[%emt 0:00:05] Rc1 is the strong threat.} Ng3+ 39. Kh2 Nf1+ 40. Kg1 {[%emt 0:00:12] And now Rc1 would win.} Ng3+ 41. Rc1 $2 (41. Kh2 $11 Nf1+) 41... Ne2+ $19 42. Kh2 Nxc1 43. Kg3 Ne2+ {[%emt 0:00:02] Black mates.} 44. Kf3 Nxf4 45. Kxf4 Rb4+ 46. Ke3 Rb3+ 47. Kf4 Rb2 48. Kg3 Kf7 {[%emt 0:00:01] Weighted Error Value: White=0.60/Black=0.25 (precise)} (48... g5 $142 49. Kf3 Kf7 50. Kg3 h5 51. Kf3 f5 52. Ke3 h4 53. f3 Rxg2 54. Kd3 Rg3 55. Ke2 Rxh3 56. Ke3 g4 57. Kf4 Rxf3+ 58. Ke5 g3 59. Kd6 g2 60. Kc6 g1=Q 61. Kb5 Qc1 62. Kb4 Ra3 63. Kb5 Rb3+ 64. Ka6 Qa3#) 0-1

[Event "German-ch Blitz Women 2022"]
[Site "Magdeburg"]
[Date "2022.08.13"]
[Round "7.4"]
[White "Leveikina, Jevgenija"]
[Black "Kunze, Kerstin"]
[Result "1/2-1/2"]
[ECO "A46"]
[WhiteElo "2061"]
[BlackElo "2020"]
[Annotator "NA RC"]
[PlyCount "30"]
[EventDate "2022.08.10"]
[EventType "tourn"]
[EventCountry "GER"]
[SourceTitle "playchess.com"]
[Source "ChessBase"]
[SourceQuality "1"]
[TimeControl "180+2"]

1. d4 Nf6 2. Nf3 e6 3. g3 Be7 4. Bg2 c5 5. c3 O-O 6. O-O Nc6 7. Bf4 Nh5 8. Bd2 Nf6 9. Bf4 Nh5 10. Bd2 Nf6 11. Bf4 h6 12. Nbd2 d5 13. Ne5 cxd4 14. Nxc6 bxc6 15. cxd4 c5 1/2-1/2

[Event "German-ch Blitz Women 2022"]
[Site "Magdeburg"]
[Date "2022.08.13"]
[Round "7.5"]
[White "Heil, Marina"]
[Black "Rath, Alina"]
[Result "0-1"]
[ECO "A36"]
[WhiteElo "1926"]
[BlackElo "2062"]
[Annotator "NA RC"]
[PlyCount "74"]
[EventDate "2022.08.10"]
[EventType "tourn"]
[EventCountry "GER"]
[SourceTitle "playchess.com"]
[Source "ChessBase"]
[SourceQuality "1"]
[TimeControl "180+2"]

1. c4 c5 2. Nc3 Nc6 3. g3 g6 4. Bg2 Bg7 5. d3 e5 6. e4 Nge7 7. Nge2 O-O 8. O-O d6 9. Be3 f5 10. Qc1 Be6 11. Nd5 Qd7 12. a3 a5 13. Nb6 Qd8 14. Nxa8 Qxa8 15. Rb1 Qc8 16. Nc3 Nd4 17. Bh6 f4 18. Bxg7 Kxg7 19. f3 g5 20. g4 Ng6 21. Rf2 Rh8 22. Nd5 h5 23. h3 Nh4 24. Ne7 Qe8 25. Nf5+ Kf6 26. Nxd6 Qd7 27. Nf5 Nxg2 28. Kxg2 Bxf5 29. exf5 Nb3 30. Qc3 a4 31. Re1 Nd4 32. Qa5 hxg4 33. fxg4 Qc6+ 34. Re4 b6 35. Qa7 Qd6 36. Rfe2 f3+ 37. Kf2 fxe2 0-1

[Event "German-ch Blitz Women 2022"]
[Site "Magdeburg"]
[Date "2022.08.13"]
[Round "7.6"]
[White "Fock, Sana"]
[Black "Skibbe, Diana"]
[Result "1/2-1/2"]
[ECO "C27"]
[WhiteElo "1807"]
[BlackElo "1943"]
[Annotator "TA"]
[PlyCount "104"]
[EventDate "2022.08.10"]
[EventType "tourn"]
[EventCountry "GER"]
[SourceTitle "playchess.com"]
[Source "ChessBase"]
[SourceQuality "1"]
[TimeControl "180+2"]

1. e4 e5 2. Nc3 Nf6 3. Bc4 Nxe4 4. Qh5 Nd6 5. Bb3 Be7 6. Qxe5 O-O {C27: Vienna Game: 2...Nf6 3 Bc4 Nxe4.} 7. Nge2 (7. d3 {is interesting.} b6 8. Nf3 Nc6 9. Qf4) 7... Bf6 8. Qg3 {[#]} (8. Qf4 $11) 8... Nf5 $146 {Black is slightly better.} ({Predecessor:} 8... Re8 9. O-O Nc6 10. Qf4 b6 11. d3 Bb7 12. Qg4 Ne5 13. Qh3 Ng6 14. Nf4 Nxf4 15. Bxf4 Bxc3 16. bxc3 {0-1 (54) Schnepper,P (1536)-Hamid,E (1700) Oberhof 2010}) 9. Qf3 (9. Qf4 $11 d6 10. d3) 9... d6 (9... Nh4 $1 $17 10. Qg3 c6) 10. O-O Nc6 11. Ne4 Ne5 12. Nxf6+ Qxf6 13. Qc3 Qg6 (13... c5 $11 {remains equal.}) 14. Nf4 (14. d4 $1 $16 Nc6 15. d5) 14... Qg4 (14... Qh6 15. d4 Nc6 16. Ne6 $1 $16 ) 15. d4 {[#]} (15. d3 $1 $11) 15... Nc6 (15... Nxd4 $1 $15 16. Kh1 (16. Qxc7 Ndf3+ 17. Kh1 Qh4 $17) (16. Be3 Qxf4) 16... c5) 16. h3 $14 Qh4 17. g3 Qd8 18. Be3 Nxe3 (18... g5 19. Nh5 $16) 19. fxe3 Qg5 20. e4 Bd7 21. Rad1 Rae8 22. Qf3 (22. h4 $14 Qd8 23. Rde1) 22... Qh6 23. h4 Kh8 24. c3 f5 (24... g6 $14) 25. Qh5 $2 {White is more active.} (25. exf5 $16 {g4 is the strong threat.} Rxf5 26. Rde1) 25... Qxh5 $15 ({Resist} 25... fxe4 26. Qxh6 gxh6 27. Nd5 $14) 26. Nxh5 fxe4 27. Rxf8+ Rxf8 28. Re1 Re8 29. Bd5 (29. Bf7 $11 Rf8 30. Bd5) 29... Bf5 30. Nf4 Nd8 {Inhibits Bf7.} 31. Bxb7 $2 Nxb7 $19 32. b4 a5 33. b5 Nd8 34. Nd5 Ne6 35. a4 h6 36. Rf1 g6 (36... Bg4 $19 {and Black stays clearly on top.} 37. Ne3 Bf3) 37. Kh2 $2 (37. g4 $17 Bxg4 38. Nf6) 37... Kg7 38. Rd1 Rc8 39. Ne3 c6 {Strongly threatening ...cxb5.} 40. b6 Rb8 41. g4 {[#]} Kf6 42. gxf5 $11 gxf5 {[%cal Bg6f5,Bf5f4,Bf4f3][%mdl 4128] Endgame KRN-KRN} 43. Rf1 $2 (43. d5 $11 cxd5 44. Rxd5) 43... f4 $19 ({Inferior is} 43... Rxb6 44. Rxf5+ Ke7 45. Rxa5 $11) 44. Ng4+ (44. Nc4 $142) 44... Kg6 45. Nf2 $2 (45. Rg1 {nothing else works.} Nf8 46. Kh3) 45... d5 46. Nh3 Kf5 {And now ...e3 would win.} 47. Rb1 f3 {aiming for ...Nf4.} 48. Kg1 Nf4 49. Nf2 e3 {[%cal Be4e3,Be3e2][%mdl 32] Black mates.} 50. Nd1 e2 51. Ne3+ Ke4 52. Kf2 Nd3+ {[%mdl 32768] Weighted Error Value: White=0.79/Black=0.43. An unexpected result.} 1/2-1/2

[Event "German-ch Blitz Women 2022"]
[Site "Magdeburg"]
[Date "2022.08.13"]
[Round "7.7"]
[White "Schuster, Rebekka"]
[Black "Braun, Kristin"]
[Result "0-1"]
[ECO "B76"]
[WhiteElo "1815"]
[BlackElo "1897"]
[Annotator "NA RC COMBH"]
[PlyCount "71"]
[EventDate "2022.08.10"]
[EventType "tourn"]
[EventCountry "GER"]
[SourceTitle "playchess.com"]
[Source "ChessBase"]
[SourceQuality "1"]
[TimeControl "180+2"]

1. e4 c5 2. Nf3 d6 3. d4 cxd4 4. Nxd4 Nf6 5. Nc3 g6 6. f3 Bg7 7. Be3 Nc6 8. Qd2 O-O 9. O-O-O d5 10. Nb3 e6 11. Kb1 b6 12. Bg5 dxe4 13. Nxe4 Qxd2 14. Bxd2 Nxe4 15. fxe4 Bb7 16. Bd3 Rad8 17. Rhf1 Ne5 18. Nc1 Nxd3 19. cxd3 Ba6 20. Rf3 Rd7 21. Bc3 e5 22. Kc2 Rfd8 23. a4 Bb7 24. b4 Bxe4 25. Re3 Bxg2 26. Bxe5 Bxe5 27. Rxe5 Rc8+ 28. Kb3 Bd5+ 29. Kb2 Be6 30. Ne2 Bg4 31. Rd2 Rcd8 32. Nc1 Rd4 33. Nb3 Rxb4 34. Kc3 Rxa4 35. d4 Be6 36. Nc1 0-1

[Event "German-ch Blitz Women 2022"]
[Site "Magdeburg"]
[Date "2022.08.13"]
[Round "7.8"]
[White "Zschischang, Marine"]
[Black "Grabowski, Petra"]
[Result "0-1"]
[ECO "D20"]
[WhiteElo "2083"]
[BlackElo "1643"]
[Annotator "NA RC"]
[PlyCount "99"]
[EventDate "2022.08.10"]
[EventType "tourn"]
[EventCountry "GER"]
[SourceTitle "playchess.com"]
[Source "ChessBase"]
[SourceQuality "1"]
[TimeControl "180+2"]

1. d4 d5 2. c4 dxc4 3. e3 e5 4. Bxc4 exd4 5. exd4 Bd6 6. Nf3 Nf6 7. O-O O-O 8. h3 Re8 9. Nc3 Be6 10. Bd3 Nd5 11. a3 Nxc3 12. bxc3 Nd7 13. Bg5 Be7 14. Bf4 Nf6 15. Re1 Nd5 16. Bd2 Qd7 17. Ne5 Qd6 18. Qh5 Nf6 19. Qh4 g6 20. Bg5 Nh5 21. Bxe7 Qxe7 22. Qxe7 Rxe7 23. Rab1 Rb8 24. Nc6 Ree8 25. Nxb8 Rxb8 26. Be4 c6 27. Bxc6 Rc8 28. Bxb7 Rxc3 29. Bf3 Nf4 30. Rbd1 Nxh3+ 31. gxh3 Rxf3 32. d5 Bxh3 33. Re3 Rxe3 34. fxe3 Kf8 35. e4 Ke7 36. e5 Bf5 37. Kf2 h5 38. Kg3 g5 39. Rc1 Be4 40. Rc5 a6 41. Ra5 Bd3 42. Kf3 h4 43. Kg4 f6 44. exf6+ Kxf6 45. d6 Bb5 46. d7 Ke7 47. a4 Bxd7+ 48. Rf5 Bxf5+ 49. Kxf5 Kd6 50. Ke4 0-1

[Event "German-ch Blitz Women 2022"]
[Site "Magdeburg"]
[Date "2022.08.13"]
[Round "7.9"]
[White "Staerk, Elisa"]
[Black "Khrapko, Marharyta"]
[Result "0-1"]
[ECO "B30"]
[WhiteElo "1947"]
[BlackElo "2128"]
[Annotator "TA"]
[PlyCount "42"]
[EventDate "2022.08.10"]
[EventType "tourn"]
[EventCountry "GER"]
[SourceTitle "playchess.com"]
[Source "ChessBase"]
[SourceQuality "1"]
[TimeControl "180+2"]

1. e4 c5 2. Nf3 Nc6 3. Bb5 Nd4 4. Nc3 e6 5. O-O a6 6. Bd3 Ne7 {[%emt 0:00:03][%cal Bg8e7,Be7c6,Bc6e5,Be5d3][%mdl 32] B30: Sicilian: 2...Nc6 3 Bb5, lines without ...g6.} 7. a4 Nec6 {[%emt 0:00:03] [#]} 8. e5 $146 (8. Nxd4 $11 cxd4 9. Ne2) ({Predecessor:} 8. Nxd4 cxd4 9. Ne2 d5 10. exd5 Qxd5 11. c3 Be7 12. Qc2 f5 13. b3 O-O 14. Bc4 {½-½ (30) Dragojlovic,A (2432)-Gladyszev,O (2480) Val Thorens 2007}) 8... Nxf3+ $17 {[%emt 0:00:07] Black is better.} 9. Qxf3 Nxe5 10. Qe2 Nxd3 11. Qxd3 Be7 12. Ne4 (12. a5 $17) 12... d5 $19 13. Ng3 O-O 14. f4 Rb8 15. Qe2 b5 16. axb5 axb5 17. b3 Bf6 18. Ra7 c4 19. Ba3 $2 {[%emt 0:00:07] [#]} (19. Qf2) 19... b4 {[%emt 0:00:06] Black is clearly winning.} 20. Bc1 Qb6+ 21. Qf2 Bd4 {[%emt 0:00:02] Black took control after the opening.  Weighted Error Value: White=0.97/Black=0.04 (flawless)} 0-1

[Event "German-ch Blitz Women 2022"]
[Site "Magdeburg"]
[Date "2022.08.13"]
[Round "7.10"]
[White "Melamed, Tatjana"]
[Black "Daemering, Katrin"]
[Result "1-0"]
[ECO "B52"]
[WhiteElo "2380"]
[BlackElo "1965"]
[Annotator "TA"]
[PlyCount "99"]
[EventDate "2022.08.10"]
[EventType "tourn"]
[EventCountry "GER"]
[SourceTitle "playchess.com"]
[Source "ChessBase"]
[SourceQuality "1"]
[TimeControl "180+2"]

1. e4 c5 2. Nf3 d6 3. Bb5+ Bd7 4. c4 e6 5. O-O Nf6 6. Nc3 {[%emt 0:00:01] B52: Sicilian: Moscow Variation with 3...Bd7.} Be7 7. d4 cxd4 8. Nxd4 {[%emt 0:00:01] White is slightly better.} O-O 9. Be3 a6 10. Bxd7 Nbxd7 11. Qd2 {[%emt 0:00:07] [#]} Rc8 $146 ({Predecessor:} 11... Nc5 12. f3 Rc8 13. Rfd1 Qc7 14. Rac1 Rfd8 15. b3 Qa5 16. Nd5 Qxd2 17. Nxe7+ Kf8 18. Rxd2 Kxe7 19. Rcd1 h6 20. g4 g5 21. Kg2 Rg8 22. Ne2 Rcd8 23. Rxd6 e5 24. Bxc5 {1-0 (24) Slepov,K (1983)-Hercegovac,N (2013) Chess.com INT 2020}) 12. b3 Qa5 {[%emt 0:00:12] [#]} (12... Ng4 $11) 13. Nd5 $1 $16 Qd8 14. Nxe7+ Qxe7 15. f3 Rfd8 16. Qb4 Ne5 17. Rad1 Ne8 18. h3 Rb8 19. f4 Nc6 20. Nxc6 bxc6 21. Qa3 {[%emt 0:00:05] 0x0.0002da4e3af1dp-1022s more active pieces. The black rooks are badly placed.} Qb7 22. Kh1 (22. e5 $16) 22... c5 (22... Nf6 $1 $11 {remains equal.}) 23. e5 dxe5 (23... Qe4 $16 24. Rfe1 dxe5 25. Rxd8 (25. Bxc5 Rxd1 26. Rxd1 exf4 $17) 25... Rxd8) 24. Qxc5 (24. fxe5 $18 {and White stays clearly on top.} Rbc8 25. Bxc5) 24... exf4 25. Bxf4 Rbc8 26. Qe5 Nf6 27. Bg5 Rxd1 28. Rxd1 Nd7 29. Qd6 Nf8 30. Qe7 Qxe7 (30... Qe4 $14) 31. Bxe7 $14 {[%emt 0:00:01][%mdl 4096] Endgame KRB-KRN} Ng6 32. Bd6 Rd8 (32... f6 $16 {was called for.}) 33. c5 (33. b4 $1 $18) 33... Ne7 $16 34. Rd4 ({Better is} 34. b4 $1 $16) 34... Nc6 35. Ra4 Ra8 36. b4 {[%emt 0:00:01] Hoping for b5.} Ra7 $1 37. Kg1 h6 38. Kf2 Rb7 $2 (38... f5 $11) 39. Rxa6 $18 Nxb4 40. Ra8+ (40. Rb6 $1 $18 Nd3+ 41. Ke3 Nxc5 42. Bxc5) 40... Kh7 $16 41. a3 Nc6 (41... Nd5 $16) 42. a4 (42. Ra6 $1 $18 Ne7 43. c6 Rb2+ 44. Ke1) 42... Kg6 (42... Rb2+ $14 43. Kg1 Rc2) 43. a5 (43. Ra6 $16 Ne7 44. a5) 43... Rb5 {[%emt 0:00:07] [#]} (43... Rb2+ $1 $11 {keeps the balance.} 44. Kg3 Rb5) 44. a6 (44. Ra6 $1 $16 Nxa5 45. c6) 44... Ra5 $11 45. Ke3 Kf5 46. Kd3 {[%emt 0:00:02] With the idea g4+.} Rxa6 $2 47. Rxa6 $2 (47. g4+ Kf6 48. Rxa6 (48. g5+ Kf5 $16) 48... Nb4+ 49. Kc4 Nxa6 50. c6) 47... Nb4+ $18 48. Kc4 Nxa6 {[%emt 0:00:00] [#]} 49. Kb5 ({White has to play} 49. c6 $1 $18 {Strongly threatening Kb5.} Ke4 50. Kb5 (50. c7 Nxc7 51. Bxc7 Ke3 $11)) 49... Nb8 $2 50. Bxb8 {[%emt 0:00:02] Weighted Error Value: White=0.62/Black=0.53} 1-0

[Event "German-ch Blitz Women 2022"]
[Site "Magdeburg"]
[Date "2022.08.13"]
[Round "7.11"]
[White "Schulze, Lara"]
[Black "Muetsch, Annmarie"]
[Result "0-1"]
[ECO "C46"]
[WhiteElo "2292"]
[BlackElo "2249"]
[Annotator "TA"]
[PlyCount "102"]
[EventDate "2022.08.10"]
[EventType "tourn"]
[EventCountry "GER"]
[SourceTitle "playchess.com"]
[Source "ChessBase"]
[SourceQuality "1"]
[TimeControl "180+2"]

1. e4 e5 2. Nf3 Nc6 3. Nc3 Be7 4. Bc4 Nf6 5. d3 d6 6. a3 O-O 7. O-O Bg4 8. h3 Bh5 9. Be3 {[%emt 0:00:01] [#]} Nb8 $146 {[%emt 0:00:20] C55: Two Knights: 4 d3, 4 d4 exd4 5 e5 and Max Lange Attack.} ({Predecessor:} 9... Nd4 10. Bxd4 exd4 11. Nd5 Nxd5 12. Bxd5 c6 13. Ba2 Bxf3 14. Qxf3 Qb6 15. Rab1 a5 16. a4 Qc5 17. Bb3 {1-0 (56) Aronian,L (2772)-Christiansen,J (2582) Warsaw 2021}) 10. g4 Bg6 11. Kg2 (11. Ba2 $14) 11... c6 {[%emt 0:00:03] The position is equal.} 12. Bg5 Nbd7 13. Bb3 Nc5 14. Ba2 Ne6 15. Be3 d5 (15... Re8 $11) 16. exd5 (16. Nxe5 $14 {is superior.} d4 17. f4) 16... cxd5 $11 {[%emt 0:00:01] ...d4 is the strong threat.} 17. d4 (17. Nxe5 $2 d4 18. f4 dxe3 $17) 17... e4 18. Ne5 Nc7 (18... h6 $11) 19. Ne2 (19. h4 $16 {Hoping for h5.} h6 20. Bb3) 19... Nfe8 (19... b5 $11) 20. Nf4 $16 Bf6 21. Qd2 Qd6 22. Rad1 Rd8 23. Nfxg6 ({White should play} 23. c4 $18) 23... hxg6 $14 24. Bf4 {[%emt 0:00:02][%cal Oe5f7] Strongly threatening Nxf7!} Qe7 (24... Ne6 $11) 25. Qe2 (25. Bg3 $14) 25... Ne6 $11 26. Bg3 g5 (26... Nxd4 $5 27. Rxd4 Bxe5 28. Rxd5 Rxd5 29. Bxd5 Nf6 30. Bxe5 Qxe5 31. Bxb7 Qxb2 32. Bxe4 Re8 $15) 27. Qe3 {[%emt 0:00:02] Against Nf4+} g6 (27... N8c7 $11 {keeps the balance.}) 28. c4 (28. f3 $1 $16 ) 28... dxc4 29. Bxc4 Nd6 {[%emt 0:00:04] And now ...Bxe5 would win.} 30. Bb3 Kg7 31. f3 (31. Bxe6 $11 Qxe6 32. Rfe1) 31... exf3+ $2 (31... Nf4+ $15 {stays ahead.} 32. Bxf4 gxf4 33. Qxf4 Bg5) 32. Qxf3 $16 Rde8 {[%emt 0:00:11] [#]} (32... Nf4+ $16 33. Bxf4 gxf4) 33. Qxf6+ Qxf6 34. Rxf6 Kxf6 35. Nd7+ {[%emt 0:00:03][%mdl 64] Discovered Attack, Double Attack} Ke7 36. Nxf8 Rxf8 37. Rc1 ({White should try} 37. Re1 $16 {Black must now prevent d5.} Kd7 38. Re5) 37... Kd7 38. d5 Nc7 {[%emt 0:00:02] [#]} (38... Nf4+ $11 39. Kf3 Nxh3) 39. Re1 (39. Ba4+ $1 $16 b5 40. Bb3) 39... Re8 (39... f5 $11) 40. Rxe8 $14 Ncxe8 {[%emt 0:00:01][%mdl 4096] Endgame KBB-KNN} 41. Kf3 {[%emt 0:00:01] Prevents Ne4.} f5 42. Bc2 {[%emt 0:00:02] Prevents Ne4.} (42. gxf5 $16 gxf5 43. h4) 42... f4 $2 (42... Nf6 $11) 43. Bf2 $16 Nf6 44. Bxg6 Nxd5 45. Bd3 {[%emt 0:00:03] Against Nc4} b6 46. h4 gxh4 47. Bxh4 Ke6 48. Bc2 (48. g5 $16) 48... Ke5 $14 49. Be1 Nb5 (49... Nf7 $1 $11 {remains equal.}) 50. Bb3 $2 (50. Bf2 $16) 50... Nd4+ $19 51. Kf2 Nxb3 {[%emt 0:00:01] Weighted Error Value: White=0.47/Black=0.48} 0-1